 Dungeon Crawl Stone Soup version 0.26-a0-672-g1df16c3386 (webtiles) character file.

Game seed: 154089520775657886

14623 marklar909 the Tainter (level 12, -3/85 HPs)
             Began as a Formicid Venom Mage on Oct 19, 2020.
             Was a Priest of the Shining One.
             Slain by a five-headed hydra (15 damage)
             ... on level 12 of the Dungeon.
             The game lasted 00:32:22 (16567 turns).

marklar909 the Tainter (Formicid Venom Mage)       Turns: 16567, Time: 00:32:22

Health: -3/85      AC:  0    Str: 17    XL:     12   Next: 47%
Magic:  4/25       EV: 16    Int: 16    God:    the Shining One [***...]
Gold:   112        SH:  5    Dex: 11    Spells: 17/30 levels left

rFire    . . .     SeeInvis .   (weapon currently unavailable)
rCold    . . .     Faith    .   (shield currently unavailable)
rNeg     + . .     Spirit   .   (armour currently unavailable)
rPois    .         Reflect  +   (helmet unavailable)
rElec    .         Harm     .   (cloak currently unavailable)
rCorr    .         Rampage  .   (gloves currently unavailable)
MR       +....                  (boots currently unavailable)
Stlth    +.........             B - amulet of reflection
HPRegen  0.24/turn              (ring currently unavailable)
MPRegen  0.19/turn              (ring currently unavailable)

@: pig-form, glowing, very quick
A: small, permanent stasis, dig shafts and tunnels, four strong arms
a: Divine Shield, Renounce Religion


You were on level 12 of the Dungeon.
You worshipped the Shining One.
The Shining One was most pleased with you.
You were a filthy swine.
You visited 2 branches of the dungeon, and saw 13 of its levels.

You collected 655 gold pieces.
You spent 543 gold pieces at shops.

Inventory:

Hand Weapons
 j - a +8 flail (melded)
 F - a +2 dire flail of protection
Armour
 o - a +1 pair of gloves (melded)
 r - a +1 robe of magic resistance
 w - a +1 cloak (melded)
 z - +0 swamp dragon scales (melded)
 E - a +0 pair of boots (melded)
 I - a +2 buckler (melded)
Jewellery
 e - an uncursed ring of ice
 p - a +6 ring of intelligence (melded)
 t - a ring of resist corrosion (melded)
 x - an uncursed ring of fire
 B - an amulet of reflection (around neck)
Wands
 a - a wand of acid (7)
 k - a wand of flame (25)
 m - a wand of polymorph (19)
 y - a wand of enslavement (8)
 A - a wand of iceblast (7)
 K - a wand of disintegration (16)
Scrolls
 d - 2 scrolls of identify
 g - 5 scrolls of remove curse
 h - a scroll of amnesia
 l - 4 scrolls of magic mapping
 v - a scroll of fog
 D - 2 scrolls of silence {unknown}
 G - 3 scrolls of brand weapon {unknown}
 H - a scroll of blinking {unknown}
Potions
 c - 3 potions of might
 f - 2 potions of ambrosia
 i - a potion of resistance
 n - 2 potions of mutation
 s - a potion of magic
 u - a potion of lignification {unknown}
 C - 2 potions of cancellation {unknown}


   Skills:
 + Level 4.9 Fighting
 + Level 7.1 Maces & Flails
 + Level 5.3 Armour
 + Level 4.5 Dodging
 - Level 4.0 Stealth
 + Level 1.3 Shields
 + Level 9.5 Spellcasting
 + Level 1.7 Conjurations
 + Level 5.4 Transmutations
 + Level 3.0 Fire Magic
 + Level 4.9 Air Magic
 + Level 11.5 Poison Magic
 + Level 4.9 Invocations


You had 17 spell levels left.
You knew the following spells:

 Your Spells              Type           Power        Failure   Level
a - Sting                 Tmut/Pois      ####         1%          1
b - Poisonous Vapours     Pois/Air       ####..       1%          2
c - Ignite Poison         Fire/Tmut/Pois ####....     1%          3
d - Mephitic Cloud        Conj/Pois/Air  ####....     2%          3
e - Olgreb's Toxic Radia  Pois           #####...     1%          4

Your spell library contained the following spells:

 Spells                   Type           Power        Failure   Level
 Shock                    Conj/Air       ###.         2%          1
 Static Discharge         Conj/Air       ###.....     8%          3
 Airstrike                Air            ###.......   12%         4
 Confusing Touch          Hex            #.......     28%         3
 Gell's Gravitas          Tloc           #.........   28%         3
 Petrify                  Tmut/Erth      ###.....     30%         4
 Lightning Bolt           Conj/Air       ###.......   56%         5
 Yara's Violent Unravell  Hex/Tmut       ###.......   65%         5
 Metabolic Englaciation   Hex/Ice        #.........   95%         5
 Swiftness                Air            Unusable     N/A         2

Dungeon Overview and Level Annotations

Branches:
Dungeon (12/15)            Temple (1/1) D:6            Lair (0/6) D:10
    Orc (0/2) D:9

Altars:
Ashenzari
Cheibriados
Dithmenos
Elyvilon
Fedhas
Gozag
Hepliaklqana
Kikubaaqudgha
Makhleb
Nemelex Xobeh
Okawaru
Qazlal
Ru
Sif Muna
Trog
Uskayaw
Vehumet
Wu Jian
Xom
Yredelemnul
Zin
The Shining One

Shops:
D:5 [   D:6 ?   D:7 (   D:11 *[

Annotations:
D:7 3 runed translucent doors, Demosthentine's ghost, novice FoFi; marklar909's ghost, novice FoAK
D:12 Kirke


Innate Abilities, Weirdness & Mutations

You cannot be hasted, slowed, berserked, paralysed or teleported.
You can dig through walls and to a lower floor.
Your four strong arms can wield two-handed weapons with a shield.
((You have a pair of large antennae on your head. (SInv)))


Message History

You assume a fearsome visage.
Kirke looks frightened!
The hog looks frightened!
The sphinx looks frightened!
The five-headed hydra resists with almost no effort.
You hear an angry squeal.
Kirke mumbles some strange words.
Kirke flickers and vanishes!
Deactivating autopickup; reactivate with Ctrl-A.
Unknown command.
Okay, then.
You feel much better. The five-headed hydra bites you!
* * * LOW HITPOINT WARNING * * *
The five-headed hydra completely misses you.
The five-headed hydra misses you.
The five-headed hydra closely misses you.
The five-headed hydra bites you!
* * * LOW HITPOINT WARNING * * *
You feel better.
The five-headed hydra barely misses you.
The five-headed hydra bites you!
You die...

....(.÷.######
:...)...#...H#
...)...(÷....#
.########..<...##
...# ###.((..#
#... #....##
#..#####....#
#h......D..#
########h.## ####


You could see a sphinx (summoned, fleeing), a five-headed hydra and a hog
(fleeing).

Vanquished Creatures
  Snorg (D:10)
  A hydra (D:12)
  2 two-headed ogres
  Erica (D:8)
  A death knight (D:11)
  Sonja (D:10)
  An ugly thing (D:6)
  2 manticores (D:12)
  A centaur zombie (D:12)
  A gargoyle (D:11)
  A komodo dragon (D:10)
  2 trolls
  A wyvern (D:7)
  Sigmund (D:6)
  10 yaks
  A soldier ant (D:12)
  A water moccasin (D:6)
  3 orc warriors
  A black bear (D:11)
  2 sky beasts (D:8)
  2 ice beasts (D:9)
  A phantom (D:4)
  An ogre (D:4)
  8 centaurs
  Blork the orc (D:6)
  A gnoll sergeant (D:9)
  14 bullfrogs
  A scorpion (D:8)
  3 killer bees (D:8)
  10 wights
  A howler monkey (D:5)
  2 quasits
  3 bullfrog zombies
  5 hounds
  2 jellies
  9 orc wizards
  3 bullfrog skeletons
  7 orc priests
  4 centaur skeletons
  4 iguanas
  12 worker ants
  2 hound skeletons
  A howler monkey skeleton (D:4)
  17 adders
  13 gnolls
  2 shadow imps
  2 white imps
  4 ufetubi
  An adder skeleton (D:4)
  2 worms (D:4)
  5 dart slugs
  2 leopard geckos
  32 orcs
  4 ball pythons
  9 goblins
  4 hobgoblins
  12 jackals
  A quokka (D:2)
  6 bats
  2 frilled lizards
  6 kobolds
  A leopard gecko skeleton (D:5)
  A quokka skeleton (D:4)
  A quokka zombie (D:6)
  7 rats
266 creatures vanquished.

Vanquished Creatures (others)
  2 fungi (D:10)
  5 plants (D:10)
7 creatures vanquished.

Grand Total: 273 creatures vanquished

Notes
Turn   | Place    | Note
-------+----------+-------------------------------------------
     0 | D:1      | marklar909 the Formicid Venom Mage began the quest for the
                  | Orb.
     0 | D:1      | Reached XP level 1. HP: 13/13 MP: 3/3
    65 | D:1      | You fall into a shaft and drop 1 floor!
   383 | D:2      | Reached XP level 2. HP: 16/19 MP: 0/5
   650 | D:1      | Reached XP level 3. HP: 24/24 MP: 2/6
  1026 | D:1      | Learned a level 2 spell: Poisonous Vapours
  1030 | D:1      | Learned a level 3 spell: Ignite Poison
  1853 | D:2      | Reached skill level 5 in Poison Magic
  2472 | D:3      | Reached XP level 4. HP: 30/30 MP: 2/8
  2794 | D:3      | Reached XP level 5. HP: 17/35 MP: 2/9
  4297 | D:4      | Reached skill level 6 in Poison Magic
  4299 | D:4      | Reached skill level 1 in Air Magic
  4375 | D:4      | Noticed an ogre
  4389 | D:4      | Killed an ogre
  4389 | D:4      | Reached XP level 6. HP: 29/41 MP: 3/11
  4453 | D:3      | Learned a level 3 spell: Mephitic Cloud
  4659 | D:4      | Noticed a phantom
  4912 | D:4      | Reached skill level 1 in Maces & Flails
  5001 | D:4      | Reached skill level 1 in Fighting
  5001 | D:4      | Reached XP level 7. HP: 43/48 MP: 2/13
  5706 | D:5      | Entered Level 5 of the Dungeon
  5924 | D:5      | Found Fid Qob's Antique Armour Emporium.
  5932 | D:5      | Bought a cloak for 117 gold pieces
  6270 | D:5      | Reached skill level 7 in Poison Magic
  6453 | D:6      | Reached XP level 8. HP: 22/55 MP: 0/15
  6760 | D:6      | Noticed Blork the orc
  6764 | D:6      | Killed Blork the orc
  6884 | D:6      | Reached skill level 5 in Spellcasting
  7092 | D:6      | Found a staircase to the Ecumenical Temple.
  7116 | D:6      | Learned a level 4 spell: Olgreb's Toxic Radiance
  7185 | D:6      | Noticed Sigmund
  7194 | D:6      | Killed Sigmund
  7221 | Temple   | Entered the Ecumenical Temple
  7542 | Temple   | Became a worshipper of the Shining One
  7604 | D:6      | Noticed a brown ugly thing
  8005 | D:6      | Found Zoewi's Magic Scroll Emporium.
  8008 | D:6      | Bought a scroll of identify for 22 gold pieces
  8008 | D:6      | Bought a scroll of identify for 22 gold pieces
  8008 | D:6      | Bought a scroll of identify for 22 gold pieces
  8068 | D:6      | Killed a brown ugly thing
  8068 | D:6      | Reached skill level 1 in Conjurations
  8068 | D:6      | Reached skill level 1 in Fire Magic
  8068 | D:6      | Reached skill level 8 in Poison Magic
  8068 | D:6      | Reached XP level 9. HP: 62/62 MP: 6/18
  8661 | D:7      | Found Erriusm's Weapon Emporium.
  8887 | D:7      | Got an ancient robe
  8888 | D:7      | Identified the cursed +1 robe "Pyomam" {MR- Str+7 Int+4
                  | Dex-2} (You found it on level 7 of the Dungeon)
  8987 | D:7      | Found a runed translucent gate.
  8987 | D:7      | Found a runed translucent gate.
  8987 | D:7      | Found a runed translucent gate.
  9002 | D:7      | Noticed marklar909's ghost (novice FoAK)
  9002 | D:7      | Noticed Demosthentine's ghost (novice FoFi)
  9675 | D:7      | HP: 3/64 [orc/+0 short sword (4)]
  9690 | D:7      | Reached skill level 1 in Invocations
 10086 | D:8      | Noticed a two-headed ogre
 10114 | D:8      | Reached * piety under the Shining One
 10538 | D:8      | Found a glowing silver altar of Zin.
 10591 | D:8      | Killed a two-headed ogre
 10591 | D:8      | Reached skill level 9 in Poison Magic
 10591 | D:8      | Reached XP level 10. HP: 69/71 MP: 1/20
 11244 | D:9      | Noticed Erica
 11253 | D:8      | Killed Erica
 11253 | D:8      | Reached skill level 5 in Maces & Flails
 12406 | D:9      | Reached skill level 1 in Armour
 12788 | D:9      | Reached ** piety under the Shining One
 12791 | D:9      | Reached skill level 10 in Poison Magic
 12791 | D:9      | Reached XP level 11. HP: 76/77 MP: 14/22
 12828 | D:9      | Found a staircase to the Orcish Mines.
 12959 | D:10     | Entered Level 10 of the Dungeon
 12986 | D:10     | Noticed Sonja
 12992 | D:10     | Killed Sonja
 13609 | D:10     | Noticed Snorg
 13714 | D:10     | Killed Snorg
 14329 | D:10     | Found a staircase to the Lair.
 14823 | D:11     | You fall into a shaft and drop 1 floor!
 14823 | D:12     | Noticed a two-headed ogre
 14840 | D:11     | Found Vur Watadi's Assorted Antiques.
 14884 | D:11     | Killed a two-headed ogre
 15038 | D:11     | Reached skill level 11 in Poison Magic
 15187 | D:11     | Reached *** piety under the Shining One
 15394 | D:11     | Reached XP level 12. HP: 84/84 MP: 17/25
 15397 | D:11     | Reached skill level 5 in Transmutations
 15482 | D:11     | Found Xitoimum's Antique Armour Shop.
 15490 | D:11     | Bought a glowing buckler for 195 gold pieces
 15591 | D:11     | Noticed a death knight
 15611 | D:11     | Killed a death knight
 15847 | D:11     | Bought a potion of heal wounds for 165 gold pieces
 16258 | D:12     | Reached skill level 5 in Armour
 16271 | D:12     | Noticed a seven-headed hydra
 16283 | D:12     | Killed a seven-headed hydra
 16283 | D:12     | Reached skill level 1 in Shields
 16541 | D:12     | Noticed a five-headed hydra
 16552 | D:12     | Noticed Kirke
 16563 | D:12     | HP: 3/85 [five-headed hydra (15)]
 16565 | D:12     | Noticed a sphinx
 16566 | D:12     | HP: 1/85 [five-headed hydra (17)]
 16567 | D:12     | Slain by a five-headed hydra

Illustrated notes

Levels and vault maps discovered:
D:1:      minmay_arrival_wavy_path, layout_loops_ring
D:2:      layout_basic
D:3:      layout_basic
D:4:      layout_rooms
D:5:      cheibrodos_iron_armory, layout_basic, serial_shops, shop
D:6:      minmay_chambers_of_threes, layout_rooms, minmay_temple_entry_mist,
          serial_shops, nicolae_shop_behind_doors, uniq_sigmund,
          uniq_blork_the_orc
D:7:      layout_cave_pools, gammafunk_ghost_cemetery, serial_shops, shop,
          glass_columns_a, st_stairs_12
D:8:      layout_rooms, lemuel_round_altar, kennysheep_generic_room_12
D:9:      layout_big_octagon, david_orc_3, uniq_erica
D:10:     layout_basic, grunt_lair_entry_orc_guard_hut, abandoned_shop,
          dk_noncrumbling_2, uniq_sonja, uniq_snorg
D:11:     layout_irregular_city, serial_shops,
          nicolae_shop_temple_entry_statues_fountains, shop
D:12:     layout_rooms, serial_shops, shop, uniq_kirke
Temple:   regret_index_temple_sigil_plot

Skill      XL: |  1  2  3  4  5  6  7  8  9 10 11 12 |
---------------+-------------------------------------+-----
Poison Magic   | 5 6 7 8 9 10 11 | 11.5
Spellcasting   | 3 4 6 7 9 |  9.5
Transmutations | 2 3 4 5 |  5.4
Air Magic      | 1 2 3 4 |  4.9
Dodging        | 2 3 4 |  4.5
Stealth        | 3 4 |  4.0
Maces & Flails | 1 2 3 4 5 6 7 |  7.1
Fighting       | 1 2 3 4 |  4.9
Conjurations   | 1 |  1.7
Fire Magic     | 1 2 3 |  3.0
Invocations    | 3 4 |  4.9
Armour         | 1 4 5 |  5.3
Shields        | 1 |  1.3

Action                   |  1- 3 |  4- 6 |  7- 9 | 10-12 || total
-------------------------+-------+-------+-------+-------++-------
Melee: Unarmed           |    10 |       |       |       ||    10
       Whip              |       |     8 |       |       ||     8
       Flail             |       |    32 |   109 |   179 ||   320
 Cast: Sting             |    52 |    39 |    38 |    28 ||   157
       Poisonous Vapours |    11 |    44 |    70 |    63 ||   188
       Mephitic Cloud    |       |       |    11 |    18 ||    29
       Ignite Poison     |       |       |    13 |    34 ||    47
       Olgreb's Toxic Ra |       |       |       |    19 ||    19
 Abil: Dig               |       |       |     2 |     1 ||     3
  Use: Scroll            |     3 |       |    24 |     8 ||    35
       Potion            |       |       |     4 |     2 ||     6
Armor: Robe              |     8 |    14 |    46 |    27 ||    95
       Swamp dragon scal |       |       |       |   103 ||   103
Dodge: Dodged            |    17 |    34 |   104 |   159 ||   314
Block: Other             |       |       |       |     8 ||     8
       Buckler           |       |       |       |    32 ||    32
       Reflection        |       |       |       |     7 ||     7

Table legend: (Time is in decaauts)
 A = Elapsed time spent in this place.
 B = Non-inter-level travel time spent in this place.
 C = Inter-level travel time spent in this place.
 D = Time resting spent in this place.
 E = Time spent auto-exploring this place.
 F = Levels seen in this place.
 G = Mean time per level.
                   A        B        C        D        E       F      G
               +--------+--------+--------+--------+--------+-----+--------+
         Total |  16646 |  15945 |    701 |   4339 |   9358 |  13 | 1280.5 |
       Dungeon |  16320 |  15653 |    667 |   4339 |   9068 |  12 | 1360.0 |
        Temple |    325 |    291 |     34 |      0 |    290 |   1 |  325.0 |
               +--------+--------+--------+--------+--------+-----+--------+

Top non-repeatable levels by time:
     D:6: 1802 daAuts
    D:10: 1765 daAuts
     D:3: 1763 daAuts
    D:11: 1740 daAuts
     D:7: 1720 daAuts
     D:8: 1688 daAuts
     D:2: 1594 daAuts
     D:4: 1268 daAuts
     D:1: 1104 daAuts
     D:5: 883 daAuts
     D:9: 873 daAuts
  Temple: 325 daAuts
    D:12: 114 daAuts
